 Dungeon Crawl Stone Soup version 0.29-a0-352-g0917bc69df (webtiles) character file.

Game seed: 10617653801288955568

7751 bande the Cleaver (level 11, 0/66 HPs)
             Began as a Gargoyle Fighter on Apr 25, 2022.
             Was an Elder of Okawaru.
             Slain by a fire elemental (6 damage)
             ... in a volcano.
             The game lasted 00:18:24 (12360 turns).

bande the Cleaver (Gargoyle Fighter)               Turns: 12360, Time: 00:18:25

Health: 0/66       AC: 23    Str: 21    XL:     11   Next: 20%
Magic:  15/15      EV: 10    Int:  8    God:    Okawaru [****..]
Gold:   684        SH:  5    Dex: 13    Spells: 9/10 levels left

rFire   . . .      SeeInvis .   j - +2 broad axe (pain)
rCold   x . .      Faith    .   c - +0 buckler
rNeg    + . .      Spirit   .   s - +0 plate armour
rPois   ∞          Reflect  .   (no helmet)
rElec   +          Harm     .   o - +1 cloak
rCorr   .          Rampage  .   (no gloves)
Will    +....                   (no boots)
Stlth   ..........              (no amulet)
HPRegen 0.21/turn               y - ring "Ovifov" {rElec rC- EV+4 Slay+3}
MPRegen 0.14/turn               t - ring of willpower

@: no status effects
A: sickness immunity, AC +8, negative energy resistance 1, electricity
resistance, torment resistance 1, petrification resistance
a: Renounce Religion, Heroism, Finesse


You were in a volcano.
You worshipped Okawaru.
Okawaru was greatly pleased with you.
You visited 3 branches of the dungeon, and saw 11 of its levels.
You also visited: Volcano.

You collected 684 gold pieces.

Inventory:

Hand Weapons
 a - a +0 war axe
 j - a +2 broad axe of pain (weapon)
 v - a +2 mace of venom
Missiles
 w - 8 boomerangs of dispersal (quivered)
Armour
 c - a +0 buckler (worn)
 n - a +1 chain mail of cold resistance
 o - a +1 cloak (worn)
 s - a +0 plate armour (worn)
Jewellery
 d - a +6 ring of dexterity
 l - a +6 ring of dexterity
 r - a ring of positive energy
 t - a ring of willpower (right hand)
 y - the ring "Ovifov" (left hand) {rElec rC- EV+4 Slay+3}
   (You found it on level 6 of the Dungeon)

   [ring of evasion]

   EV:        It affects your evasion (+4).
   Slay:      It affects your accuracy & damage with ranged weapons and melee
   (+3).
   rC:        It makes you vulnerable to cold.
   rElec:     It insulates you from electricity.
Wands
 k - a wand of flame (27)
 q - a wand of iceblast (8)
 u - a wand of paralysis (1)
 A - a wand of acid (11)
Scrolls
 b - 3 scrolls of blinking
 g - 3 scrolls of magic mapping
 m - 2 scrolls of silence
 p - 5 scrolls of teleportation
 x - 3 scrolls of identify
 B - a scroll of enchant armour
 C - 2 scrolls of amnesia
Potions
 e - a potion of brilliance
 f - 3 potions of flight
 h - 4 potions of curing
 i - a potion of haste
 z - 2 potions of resistance
 D - a potion of magic
Miscellaneous
 E - a phial of floods


   Skills:
 + Level 6.6 Fighting
 + Level 9.6 Axes
 + Level 7.8 Armour
 - Level 0.4 Stealth
 + Level 5.7 Shields
 * Level 4.8 Translocations
 * Level 5.6 Invocations
 * Level 5.6 Evocations


You had 9 spell levels left.
You knew the following spells:

 Your Spells              Type           Power      Damage    Failure   Level
a - Apportation           Tloc           14%        N/A       82%         1

Your spell library contained the following spells:

 Spells                   Type           Power      Damage    Failure   Level
 Freeze                   Ice            0%         1d3       100%        1
 Corpse Rot               Necr/Air       0%         N/A       100%        2
 Poisonous Vapours        Pois/Air       0%         N/A       100%        2
 Frozen Ramparts          Ice            0%         1d2       100%        3
 Stone Arrow              Conj/Erth      0%         3d7       100%        3
 Hailstorm                Conj/Ice       0%         3d3       100%        4
 Lehudib's Crystal Spear  Conj/Erth      0%         10d2      100%        8
 Animate Skeleton         Necr           Unusable   N/A       N/A         1
 Summon Small Mammal      Summ           Unusable   N/A       N/A         1
 Animate Armour           Summ/Erth      Unusable   N/A       N/A         4

Dungeon Overview and Level Annotations

Branches:
Dungeon (9/15)             Temple (1/1) D:6            Lair (1/6) D:9
    Orc (0/2) D:9         Volcano (1/1)

Altars:
Ashenzari
Cheibriados
Dithmenos
Elyvilon
Fedhas
Gozag
Hepliaklqana
Kikubaaqudgha
Makhleb
Nemelex Xobeh
Okawaru
Qazlal
Ru
Sif Muna
Trog
Uskayaw
Vehumet
Wu Jian
Xom
Yredelemnul
Zin
The Shining One

Shops:
D:6 [   D:9 ([

Annotations:
D:8 2 transporters, dracfodder's ghost, novice GrFE


Innate Abilities, Weirdness & Mutations

You are immune to sickness and miasma.
Your stone body is resilient. (AC +8)
You are immune to poison.
You resist negative energy. (rN+)
You are resistant to electric shocks. (rElec)
You are resistant to unholy torment.
You are immune to petrification.


Message History

You hit the fire elemental.
The fire elemental is heavily damaged.
The fire elemental barely misses you. The fire elemental hits you.
The fire elemental burns you!
You slash the fire elemental!
You destroy the fire elemental!
Okawaru accepts your kill.
Unknown command.
You hit the fire elemental.
The fire elemental is lightly damaged.
The fire elemental hits you. The fire elemental burns you!
You block the fire elemental's attack.
You barely miss the fire elemental.
The fire elemental is lightly damaged.
The fire elemental completely misses you.
The fire elemental hits you. The fire elemental burns you!
* * * LOW HITPOINT WARNING * * *
You completely miss the fire elemental.
The fire elemental is lightly damaged.
The fire elemental barely misses you.
Unknown command.
You hit the fire elemental but do no damage.
The fire elemental is lightly damaged.
The fire elemental closely misses you. The fire elemental hits you.
The fire elemental burns you!
* * * LOW HITPOINT WARNING * * *
You hit the fire elemental.
The fire elemental is moderately damaged.
The fire elemental misses you.
You feel better. The fire elemental hits you. The fire elemental burns you!
* * * LOW HITPOINT WARNING * * *
You closely miss the fire elemental.
The fire elemental is moderately damaged.
The fire elemental hits you. The fire elemental burns you!
* * * LOW HITPOINT WARNING * * *
The fire elemental barely misses you.
You closely miss the fire elemental.
The fire elemental is moderately damaged.
The fire elemental hits you. The fire elemental burns you!
You die...

##≈.##
#≈≈..##
##≈≈≈.○##
○○≈≈○○○
#≈○≈○○ #≈≈..
###+ ##E###
#....##@..#
#.........##
...∩...∩...#
...........#
#≈○○≈≈≈○≈○##
##○≈≈≈≈≈○##
#########


You could see a fire elemental.

Vanquished Creatures
  A two-headed ogre (D:9)
  2 komodo dragons
  A troll (D:9)
  The ghost of freelancePsychic the Changer, an amateur DsTm (D:4)
  5 yaks
  A fire elemental (Volcano)
  A wyvern (D:6)
  Menkaure (D:5)
  2 wargs (D:8)
  5 water moccasins
  An acid dragon (D:7)
  4 ice beasts
  4 orc warriors
  2 sky beasts
  4 black bears (D:6)
  2 ogres
  3 centaurs
  Blork the orc (D:5)
  A bullfrog (D:8)
  2 kobold brigands
  6 scorpions
  6 killer bees
  3 howler monkeys
  4 quasits (D:4)
  10 orc priests
  4 hounds
  8 iguanas
  3 jellies
  15 orc wizards
  5 gnolls
  12 adders
  2 shadow imps (D:7)
  5 white imps
  3 ufetubi
  3 worms
  4 dart slugs
  37 orcs
  4 ball pythons
  4 endoplasms
  6 giant cockroaches
  6 goblins
  7 hobgoblins
  4 jackals (D:4)
  4 quokkas
  5 bats
  5 frilled lizards
  14 kobolds
  9 rats
242 creatures vanquished.

Vanquished Creatures (others)
  6 plants (D:8)
6 creatures vanquished.

Grand Total: 248 creatures vanquished

Notes
Turn   | Place    | Note
-------+----------+-------------------------------------------
     0 | D:1      | bande the Gargoyle Fighter began the quest for the Orb.
     0 | D:1      | Reached XP level 1. HP: 14/14 MP: 1/1
   129 | D:1      | Reached XP level 2. HP: 19/19 MP: 2/2
   131 | D:1      | Reached skill level 2 in Axes
   364 | D:1      | Reached XP level 3. HP: 23/23 MP: 3/3
  1005 | D:2      | Identified the +0 chain mail of Death Resistance {rF- rN+
                  | Str+3 Dex+3}
  1202 | D:2      | Reached XP level 4. HP: 29/29 MP: 4/4
  2038 | D:3      | Found an opulent altar of Gozag.
  2112 | D:3      | Reached skill level 3 in Axes
  2163 | D:3      | Identified a scroll of acquirement
  2163 | D:3      | Acquired a +2 broad axe of pain
  2913 | D:4      | Reached XP level 5. HP: 26/33 MP: 5/5
  3008 | D:4      | Noticed freelancePsychic's ghost (amateur DsTm)
  3027 | D:4      | Found a transporter.
  3236 | D:4      | Found a transporter.
  3920 | D:4      | Reached skill level 1 in Evocations
  3920 | D:4      | Reached XP level 6. HP: 18/38 MP: 6/6
  3921 | D:4      | Killed freelancePsychic's ghost
  3922 | D:4      | Reached skill level 4 in Axes
  3922 | D:4      | Reached skill level 5 in Armour
  3922 | D:4      | Reached XP level 7. HP: 20/43 MP: 7/7
  4165 | D:5      | Entered Level 5 of the Dungeon
  4186 | D:5      | Noticed Menkaure
  4193 | D:5      | Killed Menkaure
  4421 | D:5      | Reached skill level 5 in Axes
  4606 | D:5      | Found a sacrificial altar of Ru.
  4802 | D:5      | Reached XP level 8. HP: 48/48 MP: 8/8
  4960 | D:5      | Found a basalt altar of Yredelemnul.
  5029 | D:5      | Learned a level 1 spell: Apportation
  5135 | D:5      | Noticed Blork the orc
  5144 | D:5      | Killed Blork the orc
  5145 | D:5      | Reached skill level 6 in Axes
  5355 | D:5      | Found a hazy altar of Hepliaklqana.
  5356 | D:5      | Found a shimmering altar of Xom.
  5357 | D:5      | Noticed a spectral ugly thing
  5415 | D:6      | Found a staircase to the Ecumenical Temple.
  5422 | Temple   | Entered the Ecumenical Temple
  5453 | Temple   | Became a worshipper of Warmaster Okawaru
  5488 | D:6      | Found Xydukhuu's Antique Armour Shoppe.
  5528 | D:6      | Reached skill level 1 in Translocations
  5986 | D:6      | Reached skill level 1 in Invocations
  6039 | D:6      | Reached skill level 5 in Fighting
  6111 | D:6      | Reached * piety under Okawaru
  6112 | D:6      | Found an ancient bone altar of Kikubaaqudgha.
  6114 | D:6      | Reached XP level 9. HP: 54/54 MP: 8/10
  6127 | D:6      | Found a shimmering blue altar of Sif Muna.
  6148 | D:6      | Found a radiant altar of Vehumet.
  6491 | D:6      | Reached skill level 7 in Axes
  6491 | D:6      | Reached skill level 5 in Shields
  6512 | D:6      | Identified the +0 leather armour "Wizxipp" {rC+ Str+2}
  6807 | D:6      | Reached ** piety under Okawaru
  7087 | D:6      | Noticed a komodo dragon
  7099 | D:6      | Killed a komodo dragon
  7099 | D:6      | Reached *** piety under Okawaru
  7100 | D:6      | Reached XP level 10. HP: 12/60 MP: 12/12
  7334 | D:6      | Identified the ring "Ovifov" {rElec rC- EV+4 Slay+3}
  7528 | D:6      | Found a snail-covered altar of Cheibriados.
  7632 | D:7      | Reached skill level 8 in Axes
  8934 | D:8      | Found a transporter.
  8942 | D:8      | Noticed dracfodder's ghost (novice GrFE)
  8946 | D:8      | Identified the +5 kite shield "Famiox" {Int+5}
  8997 | D:8      | Reached skill level 5 in Evocations
  9228 | D:8      | Found a transporter.
  9611 | D:8      | Found a sparkling altar of Nemelex Xobeh.
  9780 | D:8      | Reached **** piety under Okawaru
  9858 | D:8      | Identified the +5 short sword of Myang {freeze, Int+2}
 10107 | D:9      | Found a staircase to the Lair.
 10270 | D:8      | HP: 3/60 [orc warrior/+0 battleaxe (9)]
 10271 | D:8      | HP: 1/60 [orc warrior/+0 battleaxe (2)]
 10670 | D:9      | Reached skill level 9 in Axes
 10687 | D:9      | Reached skill level 5 in Invocations
 10836 | D:9      | Noticed a two-headed ogre
 10847 | D:9      | Killed a two-headed ogre
 10848 | D:9      | Reached XP level 11. HP: 7/66 MP: 14/14
 11237 | D:9      | Found Keubosh's Weapon Shop.
 11237 | D:9      | Found a staircase to the Orcish Mines.
 11239 | D:9      | Found Tuugues's Armour Shop.
 11604 | D:9      | Found a hide-covered altar of Uskayaw.
 11610 | D:9      | Found a burning altar of Makhleb.
 11613 | D:9      | Found a broken altar of Ashenzari.
 11854 | Lair:1   | Entered Level 1 of the Lair of Beasts
 11964 | Lair:1   | Found a dark tunnel.
 11968 | Volcano  | Entered a volcano
 12360 | Volcano  | Slain by a fire elemental

Illustrated notes

Levels and vault maps discovered:
D:1:      matt_arrival_refuge, layout_basic
D:2:      layout_basic
D:3:      layout_loops_ring, nicolae_gozag_seed_capital
D:4:      layout_cave_pods, gammafunk_ghost_stat_death
D:5:      layout_rooms, regret_index_temple_of_mockery,
          mainiacjoe_overflow_alcove_1, amcnicky_altar_gilded,
          corexii_hall_statues_deadend, uniq_menkaure, uniq_blork_the_orc
D:6:      kennysheep_windowed_halls, layout_loops_ring,
          palyth_temple_overflow_mages, cheibrodos_worm_habitat,
          minmay_temple_entry_crystal_x, serial_shops, shop
D:7:      layout_layer_cave
D:8:      layout_basic, nemelex_diamond_rough_becter,
          gammafunk_ghost_gnarly_gnolls
D:9:      layout_roguey, minmay_overflow_temple_star_quad,
          erik_lair_orcish_takeover, orc_david_3
Temple:   chequers_temple_sunken
Lair:1:   layout_gridlike, gammafunk_ghost_ooze,
          nicolae_volcano_entry_lava_flow, hangedman_lair_generics_rect
Volcano:  volcano_aerie

Skill      XL: |  1  2  3  4  5  6  7  8  9 10 |
---------------+-------------------------------+-----
Axes           | 2 3 4 5 6 7 9 |  9.6
Armour         | 4 5 6 7 |  7.8
Fighting       | 4 5 6 |  6.6
Evocations     | 1 2 3 4 5 |  5.6
Shields        | 4 5 |  5.7
Translocations | 1 3 4 |  4.8
Invocations    | 1 3 5 |  5.6
Stealth        | |  0.4

Action                   |  1- 3 |  4- 6 |  7- 9 | 10-12 || total
-------------------------+-------+-------+-------+-------++-------
Melee: War axe           |    66 |    67 |       |       ||   133
       Broad axe         |       |    74 |   280 |   285 ||   639
  Use: Scroll            |     2 |     7 |     3 |     6 ||    18
       Potion            |       |     3 |       |     2 ||     5
Armor: Scale mail        |    36 |    42 |       |       ||    78
       Chain mail        |       |   168 |    22 |       ||   190
       Plate armour      |       |       |   243 |   209 ||   452
Dodge: Dodged            |    39 |   118 |    95 |   175 ||   427
Block: Buckler           |    11 |    54 |   104 |    90 ||   259

Table legend: (Time is in decaauts)
 A = Elapsed time spent in this place.
 B = Non-inter-level travel time spent in this place.
 C = Inter-level travel time spent in this place.
 D = Time resting spent in this place.
 E = Time spent auto-exploring this place.
 F = Levels seen in this place.
 G = Mean time per level.
                   A        B        C        D        E       F      G
               +--------+--------+--------+--------+--------+-----+--------+
         Total |  12600 |  12172 |    428 |   2656 |   7273 |  12 | 1050.0 |
       Dungeon |  12022 |  11594 |    428 |   2226 |   7250 |   9 | 1335.8 |
        Temple |     67 |     67 |      0 |      0 |     20 |   1 |   67.0 |
          Lair |    115 |    115 |      0 |     59 |      0 |   1 |  115.0 |
       Volcano |    394 |    394 |      0 |    371 |      2 |   1 |  394.0 |
               +--------+--------+--------+--------+--------+-----+--------+

Top non-repeatable levels by time:
     D:6: 2243 daAuts
     D:8: 1716 daAuts
     D:4: 1437 daAuts
     D:9: 1312 daAuts
     D:7: 1263 daAuts
     D:5: 1253 daAuts
     D:2: 1057 daAuts
     D:1: 934 daAuts
     D:3: 803 daAuts
 Volcano: 394 daAuts
  Lair:1: 115 daAuts
  Temple: 67 daAuts
